 Dungeon Crawl Stone Soup version 0.27.1 (webtiles) character file.

Game seed: 14646693614625686069

23113 g0rg the Basher (level 12, -3/108 HPs)
             Began as a Minotaur Berserker on Aug 25, 2021.
             Was a High Priest of Trog.
             Shot with a bolt by a yaktaur (13 damage)
             ... on level 14 of the Dungeon on Sept 1, 2021.
             The game lasted 00:31:19 (10012 turns).

g0rg the Basher (Minotaur Berserker)               Turns: 10012, Time: 00:31:19

Health: -3/108     AC: 16    Str: 37    XL:     12   Next: 69%
Magic:  11/11      EV: 32    Int:  4    God:    Trog [*****.]
Gold:   843        SH: 15    Dex:  8    Spells: 11/11 levels left

rFire    . . .     SeeInvis .   o - +3 eveningstar (drain)
rCold    . . .     Faith    .   t - +1 kite shield
rNeg     . . .     Spirit   .   p - +1 ring mail of Daoced {Regen+ rCorr Str+5 Dex-3}
rPois    .         Reflect  .   (helmet restricted)
rElec    .         Harm     .   b - +2 cloak
rCorr    +         Rampage  .   x - +1 pair of gloves
Will     .....                  O - +1 pair of boots
Stlth    ..........             F - amulet of the acrobat
HPRegen  1.28/turn              K - +4 ring of evasion
MPRegen  0.12/turn              D - +6 ring of strength

@: on berserk cooldown, acrobatic, slowed, very slow
A: horns 2, retaliatory headbutt
a: Renounce Religion, Berserk, Trog's Hand, Brothers in Arms


You were on level 14 of the Dungeon.
You worshipped Trog.
Trog was extremely pleased with you.
You visited 1 branch of the dungeon, and saw 14 of its levels.

You collected 843 gold pieces.

Inventory:

Hand Weapons
 a - a +1 morningstar
 o - a +3 eveningstar of draining (weapon)
 C - a +2 dire flail of flaming
Missiles
 J - 47 poisoned darts
Armour
 b - a +2 cloak (worn)
 p - the +1 ring mail of Daoced (worn) {Regen+ rCorr Str+5 Dex-3}
   (You found it on level 4 of the Dungeon)

   Str:       It affects your strength (+5).
   Dex:       It affects your dexterity (-3).
   Regen:     It increases your rate of health regeneration.
   rCorr:     It protects you from acid and corrosion.
 t - a +1 kite shield (worn)
 v - a +0 plate armour
 x - a +1 pair of gloves (worn)
 O - a +1 pair of boots (worn)
Jewellery
 s - a +6 ring of intelligence
 D - a +6 ring of strength (right hand)
 F - an amulet of the acrobat (around neck)
 K - a +4 ring of evasion (left hand)
 N - a ring of resist corrosion
Wands
 h - a wand of flame (40)
 l - a wand of acid (3)
 y - a wand of iceblast (14)
 B - a wand of digging (1)
 L - a wand of mindburst (8)
Scrolls
 u - a scroll of identify
 A - a scroll of magic mapping
 E - a scroll of fog
 G - 2 scrolls of enchant armour
 H - a scroll of holy word
 I - a scroll of teleportation
Potions
 c - 3 potions of flight
 d - a potion of berserk rage {unknown}
 g - 2 potions of magic
 i - 2 potions of lignification
 j - 4 potions of curing
 k - 3 potions of degeneration
 m - 4 potions of brilliance
 n - 2 potions of haste
 q - a potion of might {unknown}
 r - a potion of attraction {unknown}
 w - 2 potions of resistance
 z - 2 potions of heal wounds
 M - a potion of cancellation {unknown}


   Skills:
 - Level 10.7 Fighting
 * Level 13.8 Maces & Flails
 + Level 3.7 Throwing
 - Level 10.3 Armour
 - Level 9.5 Dodging
 * Level 11.9 Shields


You had 11 spell levels left.
You didn't know any spells.
Your spell library was empty.

Dungeon Overview and Level Annotations

Branches:
Dungeon (14/15)            Temple (0/1) D:6            Lair (0/6) D:9
    Orc (0/2) D:12         Vaults (0/5) D:13

Altars:
Ashenzari
Cheibriados
Elyvilon
Fedhas
Gozag
Makhleb
Uskayaw
Xom
Zin

Shops:
D:3 [   D:9 *


Innate Abilities, Weirdness & Mutations

You have a pair of horns on your head.
You reflexively headbutt those who attack you in melee.


Message History

Unknown command.
You sock the purple ugly thing!
Your headbutt misses the purple ugly thing.
The purple ugly thing is moderately wounded.
The yaktaur unwields a +0 arbalest.
The yaktaur hits you but does no damage.
The purple ugly thing gores you but does no damage.
You block the purple ugly thing's attack.
The white ugly thing stings you but does no damage.
A cyclops comes into view.
The purple ugly thing basks in the mutagenic energy from its kin and changes!
The purple ugly thing tail-slaps you! The yaktaur hits you!
The white ugly thing stings you. The white ugly thing freezes you!
You are too injured to fight recklessly!
Unknown command.
You are too injured to fight recklessly!
Unknown command.
You are too injured to fight recklessly!
Unknown command.
You block the yaktaur's attack.
The white ugly thing basks in the mutagenic energy from its kin and changes!
The yaktaur unwields a +0 arbalest.
The yaktaur completely misses you.
You block the purple ugly thing's attack.
The yaktaur wields a +0 arbalest.
The yaktaur shoots a bolt.
The bolt misses you.
The yaktaur wields a +0 arbalest.
The yaktaur shoots a bolt.
The bolt hits you!
The yaktaur shoots a bolt.
You block the bolt.
The yaktaur shoots a bolt.
You block the bolt.
The yaktaur shoots a bolt.
The bolt hits you!!
* * * LOW HITPOINT WARNING * * *
The yaktaur shoots a bolt.
The bolt completely misses you.
The yaktaur shoots a bolt.
The bolt hits you!
* * * LOW HITPOINT WARNING * * *
You feel much better. The white ugly thing misses you.
The white ugly thing kicks you.
* * * LOW HITPOINT WARNING * * *
The white ugly thing freezes you!!
* * * LOW HITPOINT WARNING * * *
The yaktaur shoots a bolt.
The bolt hits you!
You die...

...............#
...............+
.........C.....#
........##u...##
......u.##cu..#
...C...c#....c##+###
...##...#...cu##...#
.. #...#..........#
. ....#....@.....#
.....#..........#
......#..........#
#..........#
#####.##...#
##.###...#
##...#....#
...#.....(#
##...#....#


You could see 3 ugly things, a cyclops and 3 yaktaurs.

Vanquished Creatures
  Kirke (D:12)
  A hydra (D:11)
  A centaur warrior (D:13)
  2 dancing weapons (D:13)
  5 two-headed ogres
  2 deep elf pyromancers
  5 ugly things
  A manticore (D:13)
  2 cyclopes
  Maurice (D:8)
  A gargoyle (D:12)
  A kobold demonologist (D:11)
  3 tengu conjurers
  A troll (D:12)
  3 meliai (D:13)
  Grinder (D:5)
  Sigmund (D:5)
  12 yaks
  Eustachio (D:4)
  3 wraiths
  3 hogs (D:12)
  2 vampire mosquitoes (D:13)
  3 acid dragons
  Duvessa (D:5)
  2 water moccasins
  5 orc warriors
  A black bear (D:7)
  A necrophage (D:5)
  A sky beast (D:7)
  2 ogres (D:7)
  A phantom (D:6)
  8 centaurs
  5 kobold brigands
  3 gnoll sergeants
  3 bullfrogs
  A scorpion (D:5)
  Dowan (D:5)
  A water moccasin skeleton (D:4)
  21 killer bees
  4 wights (D:6)
  2 electric eels (D:9)
  4 howler monkeys
  3 centaur zombies
  A bullfrog zombie (D:6)
  7 hounds
  A bullfrog skeleton (D:7)
  3 jellies
  3 gnoll shamans (D:7)
  7 orc priests
  A centaur skeleton (D:7)
  4 iguanas
  12 orc wizards
  A howler monkey zombie (D:11)
  21 gnolls
  5 adders
  A shadow imp (D:7)
  A white imp (D:6)
  2 adder skeletons
  3 worms
  A dart slug (D:2)
  25 orcs
  6 ball pythons (D:1)
  A bat (D:3)
  4 endoplasms
  4 giant cockroaches
  6 goblins
  11 hobgoblins
  3 jackals (D:3)
  28 kobolds
  3 quokkas (D:3)
  2 frilled lizards (D:1)
  6 rats
299 creatures vanquished.

Vanquished Creatures (others)
  3 humans (D:12)
  An orc (D:12)
  2 plants (D:10)
6 creatures vanquished.

Grand Total: 305 creatures vanquished

Notes
Turn   | Place    | Note
-------+----------+-------------------------------------------
     0 | D:1      | g0rg the Minotaur Berserker began the quest for the Orb.
     0 | D:1      | Reached XP level 1. HP: 19/19 MP: 0/0
     0 | D:1      | Noticed a merfolk zombie
    17 | D:1      | Noticed a minotaur zombie
    19 | D:1      | Noticed a merfolk zombie
   258 | D:1      | Reached skill level 4 in Maces & Flails
   297 | D:1      | Reached XP level 2. HP: 27/27 MP: 1/1
   493 | D:1      | You fall into a shaft and drop 1 floor!
   720 | D:2      | Reached ** piety under Trog
   859 | D:2      | Found a shimmering altar of Xom.
  1096 | D:2      | Reached XP level 3. HP: 30/33 MP: 2/2
  1745 | D:1      | Found a faded altar of an unknown god.
  2358 | D:3      | Found Ynim's Armour Emporium.
  2570 | D:4      | Reached XP level 4. HP: 41/41 MP: 3/3
  2617 | D:4      | Identified the +1 ring mail of Daoced {Regen+ rCorr Str+5
                  | Dex-3}
  2680 | D:4      | Reached skill level 5 in Maces & Flails
  2680 | D:4      | Reached XP level 5. HP: 37/47 MP: 4/4
  2724 | D:4      | Noticed a water moccasin
  2738 | D:4      | Killed a water moccasin
  2739 | D:4      | Reached skill level 5 in Fighting
  2739 | D:4      | Reached XP level 6. HP: 20/56 MP: 5/5
  2806 | D:4      | Found a shimmering altar of Xom.
  2938 | D:4      | Noticed Eustachio
  2957 | D:4      | Killed Eustachio
  2957 | D:4      | Reached *** piety under Trog
  2976 | D:4      | Reached skill level 6 in Maces & Flails
  2976 | D:4      | Reached XP level 7. HP: 52/62 MP: 6/6
  3145 | D:5      | Entered Level 5 of the Dungeon
  3145 | D:5      | Noticed Grinder
  3152 | D:5      | Killed Grinder
  3153 | D:5      | Reached skill level 5 in Armour
  3254 | D:5      | Reached skill level 5 in Dodging
  3654 | D:5      | Noticed Dowan
  3655 | D:5      | Noticed Duvessa
  3669 | D:5      | Killed Duvessa
  3670 | D:5      | Reached skill level 7 in Maces & Flails
  3670 | D:5      | Reached XP level 8. HP: 71/71 MP: 7/7
  3672 | D:5      | Killed Dowan
  3906 | D:5      | Found a snail-covered altar of Cheibriados.
  3906 | D:5      | Found a faded altar of an unknown god.
  3906 | D:5      | Noticed Sigmund
  3912 | D:5      | Killed Sigmund
  3917 | D:5      | Found a burning altar of Makhleb.
  3919 | D:5      | Found a faded altar of an unknown god.
  3920 | D:5      | Found a white marble altar of Elyvilon.
  4023 | D:6      | Found a staircase to the Ecumenical Temple.
  4187 | D:6      | Reached **** piety under Trog
  4218 | D:6      | Reached skill level 1 in Shields
  4463 | D:6      | Reached skill level 8 in Maces & Flails
  4501 | D:6      | Reached XP level 9. HP: 81/81 MP: 8/8
  5071 | D:7      | Found a broken altar of Ashenzari.
  5186 | D:7      | Reached skill level 9 in Maces & Flails
  5703 | D:8      | Noticed a two-headed ogre
  5714 | D:8      | Killed a two-headed ogre
  5715 | D:8      | Reached skill level 5 in Shields
  5715 | D:8      | Reached XP level 10. HP: 41/91 MP: 9/9
  5872 | D:8      | Noticed Maurice
  5895 | D:8      | Killed Maurice
  6198 | D:8      | Reached ***** piety under Trog
  6557 | D:9      | Noticed a two-headed ogre
  6563 | D:9      | Killed a two-headed ogre
  6617 | D:9      | Found a staircase to the Lair.
  6722 | D:9      | Found Kyb Kut's Gadget Gallery.
  6981 | D:9      | Reached skill level 10 in Maces & Flails
  7026 | D:9      | Reached skill level 10 in Fighting
  7323 | D:9      | Found a glowing silver altar of Zin.
  7376 | D:9      | Found an opulent altar of Gozag.
  7568 | D:10     | Entered Level 10 of the Dungeon
  7599 | D:10     | Received a gift from Trog
  7788 | D:10     | Found a blossoming altar of Fedhas.
  7817 | D:10     | Found a hide-covered altar of Uskayaw.
  7855 | D:11     | Noticed a two-headed ogre
  7863 | D:11     | Killed a two-headed ogre
  7864 | D:11     | Reached XP level 11. HP: 96/100 MP: 10/10
  7905 | D:11     | Reached skill level 10 in Armour
  7928 | D:11     | Noticed a six-headed hydra
  7935 | D:11     | Killed a six-headed hydra
  8277 | D:11     | Noticed a two-headed ogre
  8285 | D:11     | Killed a two-headed ogre
  8286 | D:11     | Identified a scroll of acquirement
  8286 | D:11     | Acquired a +3 eveningstar of draining
  8697 | D:12     | Reached skill level 11 in Maces & Flails
  8697 | D:12     | Noticed Kirke
  8701 | D:12     | Noticed a lindwurm
  8714 | D:12     | Killed Kirke
  8728 | D:12     | Reached skill level 12 in Maces & Flails
  8763 | D:12     | Found a staircase to the Orcish Mines.
  8830 | D:12     | Noticed a two-headed ogre
  8838 | D:12     | Killed a two-headed ogre
  8839 | D:12     | Noticed a white ugly thing
  8846 | D:12     | Killed a white ugly thing
  8847 | D:12     | Reached skill level 10 in Shields
  8951 | D:12     | Noticed a deep elf pyromancer
  8957 | D:12     | Killed a deep elf pyromancer
  8958 | D:12     | Reached XP level 12. HP: 108/108 MP: 11/11
  9139 | D:12     | Reached skill level 1 in Throwing
  9221 | D:13     | Noticed a centaur warrior
  9230 | D:13     | Killed a centaur warrior
  9231 | D:13     | Reached skill level 13 in Maces & Flails
  9233 | D:13     | Received a gift from Trog
  9252 | D:13     | Identified the +12 hand axe of Irchausot {vamp, rC++ MP+9
                  | Int-5}
  9589 | D:13     | Found a gate to the Vaults.
 10012 | D:14     | Shot with a bolt by a yaktaur

Illustrated notes

Levels and vault maps discovered:
D:1:      shiori_arrival_whats_in_store_for_you, layout_basic,
          chequers_ecumenical_altar_simple
D:2:      layout_loops_corners, basic_altar, minmay_domino_4
D:3:      layout_basic, serial_shops, nicolae_shop_trees
D:4:      cheibrodos_helix_gallery, layout_cave_pools,
          mainiacjoe_overflow_six_doors_small, minmay_liquid_box, st_stairs_10,
          uniq_eustachio
D:5:      layout_loops_ring, chequers_temple_overflow_minitemple, uniq_grinder,
          uniq_duvessa, uniq_sigmund
D:6:      layout_loops_ring, minmay_temple_entry_enclosed_plants
D:7:      kennysheep_housing_project, layout_basic,
          mainiacjoe_overflow_concentric_impassable
D:8:      layout_gridville, uniq_maurice
D:9:      layout_basic, pdpol_temple_overflow_zin_treasury_gozag_greed,
          dpeg_oklobed_lair, nicolae_shop_gadgets
D:10:     wad_woods_structure_01, layout_rooms, mainiacjoe_overflow_big_doors
D:11:     layout_roguey
D:12:     layout_long_grid, orc_david_3, uniq_kirke
D:13:     layout_cave_pods, erik_vaults_1, small_statue_intersection
D:14:     layout_gridville, minmay_misc_feat_tower, serial_shops,
          kennysheep_little_box

Skill      XL: |  1  2  3  4  5  6  7  8  9 10 11 12 |
---------------+-------------------------------------+-----
Maces & Flails | 4 5 6 7 8 9 10 12 13 | 13.8
Fighting       | 4 5 6 7 9 10 | 10.7
Armour         | 3 4 6 7 8 9 10 | 10.3
Dodging        | 3 4 5 6 7 9 |  9.5
Shields        | 1 5 7 10 11 | 11.9
Throwing       | 3 |  3.7

Action                   |  1- 3 |  4- 6 |  7- 9 | 10-12 || total
-------------------------+-------+-------+-------+-------++-------
Melee: Mace              |    63 |       |       |       ||    63
       Headbutt          |    10 |    10 |    48 |    72 ||   140
       Morningstar       |    28 |    52 |   254 |   226 ||   560
       Eveningstar       |       |       |       |   131 ||   131
Throw: Dart              |       |       |       |     5 ||     5
Invok: Berserk           |     2 |     1 |     6 |    14 ||    23
  Use: Scroll            |       |     6 |       |    14 ||    20
       Potion            |       |       |       |     3 ||     3
Armor: Animal skin       |     8 |       |       |       ||     8
       Scale mail        |    30 |     3 |       |       ||    33
       Ring mail         |       |    22 |   124 |   188 ||   334
Dodge: Dodged            |    57 |    45 |   151 |   298 ||   551
Block: Kite shield       |       |       |   113 |   328 ||   441
